 Dungeon Crawl Stone Soup version 0.21-a0-578-gc6e9d75 (webtiles) character file.

5877 vishdafish the Fortune-Teller (level 10, -17/76 HPs)
             Began as a Demonspawn Skald on Dec 18, 2017.
             Was a Believer of Nemelex Xobeh.
             Killed by a card of wild magic (20 damage)
             ... on level 10 of the Dungeon.
             The game lasted 00:21:31 (11750 turns).

vishdafish the Fortune-Teller (Demonspawn Skald)   Turns: 11750, Time: 00:21:35

Health: -17/76     AC: 20    Str: 11    XL:     10   Next: 52%
Magic:  0/18       EV: 11    Int: 18    God:    Nemelex Xobeh [**....]
Gold:   452        SH:  0    Dex: 13    Spells: 14/17 levels left

rFire    . . .     SeeInvis .   s - +1 trident
rCold    + . .     Gourm    .   (no shield)
rNeg     . . .     Faith    .   J - quicksilver dragon scales
rPois    .         Spirit   +   y - +0 helmet (curse)
rElec    .         Reflect  .   F - +1 cloak
rCorr    .         Harm     .   D - +0 pair of gloves
MR       +....                  (no boots)
Stlth    +.........             b - amulet of inaccuracy (curse)
HPRegen  0.22/turn              v - ring of protection from cold
MPRegen  0.16/turn              o - ring of wizardry

@: lethally poisoned (-17 -> -17), sanguine armour
A: talons 2, demonic guardian 1, magic shield, sanguine armour 1
a: Renounce Religion


You were on level 10 of the Dungeon.
You worshipped Nemelex Xobeh.
Nemelex Xobeh was pleased with you.
You were not hungry.

You visited 2 branches of the dungeon, and saw 11 of its levels.

You collected 452 gold pieces.

Inventory:

Hand Weapons
 a - a +0 spear
 s - a +1 trident (weapon)
 w - a +0 halberd
 I - a +0 spear of piercing
Armour
 h - a +1 helmet
 y - a cursed +0 helmet (worn)
 D - a +0 pair of gloves (worn)
 F - a +1 cloak (worn)
 J - quicksilver dragon scales (worn)
 N - a +1 hat
Jewellery
 b - a cursed amulet of inaccuracy (around neck)
 i - an uncursed ring of positive energy
 o - a ring of wizardry (right hand)
 p - an uncursed ring of fire
 q - an uncursed ring of protection from fire
 v - a ring of protection from cold (left hand)
 G - an uncursed ring of fire
Wands
 L - a wand of acid (4)
Scrolls
 g - 3 scrolls of fear
 k - 2 scrolls of identify
 n - 7 scrolls of teleportation
 x - 3 scrolls of blinking
 O - a scroll of enchant armour
Potions
 f - 4 potions of brilliance
 l - a potion of magic {unknown}
 m - 2 potions of haste
 r - 3 potions of cancellation {unknown}
 t - a potion of berserk rage {unknown}
 u - a potion of resistance {unknown}
 z - a potion of might {unknown}
 A - 2 potions of mutation {unknown}
 E - a potion of experience {unknown}
 H - a potion of heal wounds {unknown}
 K - a potion of agility {unknown}
Books
 c - a book of Battle

   Spells                             Type                      Level
   a - Infusion                       Charms                       1
   b - Shroud of Golubria             Charms/Translocation         2
   c - Song of Slaying                Charms                       2
   d - Spectral Weapon                Hexes/Charms                 3
   e - Regeneration                   Charms/Necromancy            3
 B - a book of Maledictions

   Spells                             Type                      Level
   a - Corona                         Hexes                        1
   b - Ensorcelled Hibernation        Hexes/Ice                    2
   c - Confuse                        Hexes                        3
   d - Tukima's Dance                 Hexes                        3
   e - Dazzling Spray                 Conjuration/Hexes            3
 P - a book of Callings

   Spells                             Type                      Level
   a - Summon Small Mammal            Summoning                    1
   b - Call Imp                       Summoning                    2
   c - Call Canine Familiar           Summoning                    3
   d - Summon Guardian Golem          Hexes/Summoning              3
   e - Summon Lightning Spire         Summoning/Air                4
   f - Summon Ice Beast               Ice/Summoning                4
 Q - a book of Flames

   Spells                             Type                      Level
   a - Flame Tongue                   Conjuration/Fire             1
   b - Throw Flame                    Conjuration/Fire             2
   c - Conjure Flame                  Conjuration/Fire             3
   d - Inner Flame                    Hexes/Fire                   3
   e - Sticky Flame                   Conjuration/Fire             4
   f - Fireball                       Conjuration/Fire             5
 R - a book of Party Tricks

   Spells                             Type                      Level
   a - Summon Butterflies             Summoning                    1
   b - Apportation                    Translocation                1
   c - Lesser Beckoning               Translocation                3
   d - Tukima's Dance                 Hexes                        3
   e - Alistair's Intoxication        Transmutation/Poison         5
   f - Invisibility                   Hexes                        6
Miscellaneous
 e - a plain deck of escape
 j - a plain deck of destruction {drawn: 8}
 C - an ornate deck of destruction {drawn: 7}
 M - a plain deck of summoning
 S - a phial of floods
Comestibles
 d - 12 rations


   Skills:
 + Level 6.1 Fighting
 * Level 9.4 Polearms
 - Level 2.6 Armour
 - Level 3.1 Dodging
 - Level 4.0 Spellcasting
 - Level 3.0 Charms
 - Level 11.0 Invocations
 * Level 3.0 Evocations


You had 14 spell levels left.
You knew the following spells:

 Your Spells              Type           Power        Failure   Level  Hunger
a - Infusion              Chrm           ##..         4%          1    None
b - Song of Slaying       Chrm           ##......     6%          2    ##.....


Dungeon Overview and Level Annotations

Branches:
Dungeon (10/15)            Temple (1/1) D:4            Lair (0/6) D:10
    Orc: D:9-12

Altars:
Ashenzari
Dithmenos
Elyvilon
Fedhas
Gozag
Kikubaaqudgha
Makhleb
Nemelex Xobeh
Okawaru
Qazlal
Sif Muna
Trog
Wu Jian
Yredelemnul
Zin


Innate Abilities, Weirdness & Mutations

You have razor-sharp toenails.
A weak demonic guardian rushes to your aid.
When hurt, damage is shared between your health and your magic reserves.
When seriously injured, your bleeding wounds create armour. (AC +6)


Message History

Your quasit claws the big kobold.
The big kobold hits you but does no damage.
You hit the big kobold but do no damage.
The big kobold is severely wounded.
You feel sick.
Your quasit bites the big kobold.
Your quasit barely misses the big kobold.
Your quasit claws the big kobold.
The big kobold zaps a wand.
The puff of flame hits you!
* * * LOW HITPOINT WARNING * * *
Okay, then.
Evoke which item? (* to show all) (? for menu, Esc to quit)
You draw a card...
It is Wild Magic.
There is a sudden explosion of magical energy!
The explosion engulfs the big kobold.
The big kobold dies!
The explosion engulfs your quasit.
Your quasit dies!
The explosion engulfs you!
You die...
Your body glows slightly and disappears.

≈≈.......##....+
≈........##....+
.........##....## #
###.............# .#
###......(...P.## .#
..............†.# ..#
........##.....######..###.
##..>...####...)...........
#......# #....@†.........
#......# #...†.........$.
#......# #..........###..
#......# #..........#
#......# #..........#
#......# #..........#
#......# #..........#
#..........# ............


There were no monsters in sight!

Vanquished Creatures
  3 two-headed ogres
  A wraith (D:7)
  A steam dragon (D:10)
  A water moccasin (D:7)
  3 phantoms
  2 orc warriors
  2 ice beasts
  A centaur (D:7)
  2 ogres
  3 bullfrogs
  A gnoll sergeant (D:8)
  3 scorpions
  3 wights (D:9)
  5 howler monkeys
  3 centaur zombies
  3 crimson imps
  2 jellies
  4 orc priests
  5 hounds
  5 orc wizards
  4 iguanas
  8 worker ants
  A killer bee zombie (D:8)
  A hound skeleton (D:6)
  A howler monkey zombie (D:8)
  A worker ant zombie (D:6)
  7 gnolls
  8 adders
  4 shadow imps
  An ooze (D:2)
  4 worms
  5 dart slugs
  6 leopard geckos
  22 orcs
  5 bats
  4 giant cockroaches
  6 goblins
  9 hobgoblins
  4 kobolds (D:1)
  8 quokkas
  A ball python (D:4)
  3 frilled lizards
  A jackal skeleton (D:7)
  A quokka zombie (D:2)
  6 rats
174 creatures vanquished.

Vanquished Creatures (collateral kills)
  The ghost of Lanoc the Charmwright, a novice DsSk of Wu Jian (D:6)
  A hippogriff (D:8)
  2 hungry ghosts (D:7)
  A hell hound (D:10)
  An ice beast (D:5)
  A phantom (D:4)
  An ogre (D:4)
  A bullfrog (D:6)
  A howler monkey (D:10)
  An orc priest (D:3)
  A hound (D:4)
  An orc wizard (D:6)
  Jessica (D:2)
  A worker ant (D:10)
  3 gnolls
  3 orcs
  A quokka (D:5)
  A goblin (D:2)
  A kobold (D:3)
  A quokka zombie (D:7)
  A rat (D:2)
26 creatures vanquished.

Vanquished Creatures (others)
  A black bear (D:9)
  A centaur (D:8)
  A big kobold (D:10)
  2 orc wizards
  A ball lightning (D:9)
6 creatures vanquished.

Grand Total: 206 creatures vanquished

Notes
Turn   | Place    | Note
-------+----------+-------------------------------------------
     0 | D:1      | vishdafish the Demonspawn Skald began the quest for the Orb.
     0 | D:1      | Reached XP level 1. HP: 16/16 MP: 3/3
    56 | D:1      | Reached skill level 1 in Armour
   253 | D:1      | Gained mutation: A weak demonic guardian rushes to your aid. [demonic ancestry]
   253 | D:1      | Reached XP level 2. HP: 22/22 MP: 5/5
   624 | D:1      | Reached XP level 3. HP: 25/27 MP: 6/6
  1122 | D:2      | Found a shattered altar of Ashenzari.
  1291 | D:2      | Found a shadowy altar of Dithmenos.
  1488 | D:2      | Found an iron altar of Okawaru.
  1491 | D:2      | Found a glowing silver altar of Zin.
  1514 | D:2      | Noticed Jessica
  1523 | D:2      | Killed Jessica
  1523 | D:2      | Gained mutation: When seriously injured, your bleeding wounds create armour. (AC +6) [demonic ancestry]
  1523 | D:2      | Reached XP level 4. HP: 25/33 MP: 5/7
  1901 | D:3      | Found a burning altar of Makhleb.
  2590 | D:4      | Reached XP level 5. HP: 20/38 MP: 5/8
  2655 | D:5      | Entered Level 5 of the Dungeon
  3852 | D:4      | Found a staircase to the Ecumenical Temple.
  3866 | D:4      | Noticed a phantom
  3889 | D:4      | Killed a phantom
  3889 | D:4      | Reached XP level 6. HP: 33/44 MP: 7/10
  3897 | Temple   | Entered the Ecumenical Temple
  3955 | Temple   | Became a worshipper of Nemelex Xobeh the Trickster
  4006 | D:4      | Reached skill level 1 in Invocations
  4777 | D:5      | Received a gift from Nemelex Xobeh
  4815 | D:5      | Found an opulent altar of Gozag.
  4830 | D:5      | Reached skill level 2 in Invocations
  4848 | D:5      | Found an ornate altar of the Wu Jian Council.
  4953 | D:5      | Noticed an ice beast
  4963 | D:5      | Killed an ice beast
  4963 | D:5      | Reached skill level 3 in Invocations
  4963 | D:5      | Gained mutation: You have sharp toenails. [demonic ancestry]
  4963 | D:5      | Reached XP level 7. HP: 20/50 MP: 10/12
  5660 | D:5      | Reached skill level 5 in Polearms
  5660 | D:5      | Reached skill level 4 in Invocations
  6147 | D:5      | Reached * piety under Nemelex Xobeh
  6269 | D:5      | Found a white marble altar of Elyvilon.
  6335 | D:6      | Received a gift from Nemelex Xobeh
  6358 | D:6      | Reached skill level 5 in Invocations
  6422 | D:6      | Reached XP level 8. HP: 38/56 MP: 9/14
  6426 | D:6      | Learned a level 2 spell: Song of Slaying
  6756 | D:6      | Noticed Lanoc's ghost (novice DsSk)
  7136 | D:7      | Reached skill level 6 in Invocations
  7358 | D:6      | Reached skill level 7 in Invocations
  7363 | D:6      | Killed Lanoc's ghost
  7788 | D:6      | Received a gift from Nemelex Xobeh
  7842 | D:6      | Noticed a two-headed ogre
  7875 | D:6      | Killed a two-headed ogre
  7875 | D:6      | Reached skill level 8 in Invocations
  7875 | D:6      | Gained mutation: You have razor-sharp toenails. [demonic ancestry]
  7875 | D:6      | Reached XP level 9. HP: 41/65 MP: 15/15
  8053 | D:7      | Found a basalt altar of Yredelemnul.
  8418 | D:7      | Reached skill level 9 in Invocations
  8864 | D:8      | Found an ancient bone altar of Kikubaaqudgha.
  9407 | D:8      | Reached ** piety under Nemelex Xobeh
  9413 | D:8      | Reached skill level 5 in Fighting
  9413 | D:8      | Reached skill level 10 in Invocations
  9577 | D:8      | Noticed a two-headed ogre
  9599 | D:8      | Killed a two-headed ogre
  9609 | D:8      | Gained mutation: When hurt, damage is shared between your health and your magic reserves. [demonic ancestry]
  9609 | D:8      | Reached XP level 10. HP: 28/74 MP: 13/17
  9821 | D:8      | Received a gift from Nemelex Xobeh
 10221 | D:9      | Noticed a two-headed ogre
 10234 | D:9      | Killed a two-headed ogre
 10234 | D:9      | Reached skill level 11 in Invocations
 10496 | D:9      | Found a blossoming altar of Fedhas.
 10529 | D:9      | Found a stormy altar of Qazlal.
 10530 | D:9      | Found a bloodstained altar of Trog.
 10584 | D:9      | Reached skill level 1 in Evocations
 10954 | D:10     | Entered Level 10 of the Dungeon
 11523 | D:10     | Found a staircase to the Lair.
 11749 | D:10     | HP: 3/76 [big kobold/wand of flame (36) (1)]
 11750 | D:10     | Killed by a card of wild magic

Vault maps used:
D:1:      lightli_arrival_farm
D:2:      evilmike_ruin_ashenzari, minitemple,
          grunt_dithmenos_smoke_and_mirrors, uniq_jessica
D:3:      lemuel_doored_altar, small_statue_intersection, st_stairs_5,
          minmay_box_of_dots
D:4:      minmay_temple_entry_statues_pillars, interstate_on_off
D:5:      kennysheep_little_box, kennysheep_mini, overflow_temple_1_default,
          first_ration
D:7:      old_standard_altar
D:8:      kennysheep_mini_moat
D:9:      fedhas_altar_1, grunt_temple_overflow_open, library_closet
D:10:     minmay_lair_entry_lava, basic_altar, blue_anna_alchemist
Temple:   dpeg_chambers_temple

Skill      XL: |  1  2  3  4  5  6  7  8  9 10 |
---------------+-------------------------------+-----
Armour         | 1 2 |  2.6
Polearms       | 2 3 4 5 7 8 9 |  9.4
Dodging        | 2 3 |  3.1
Charms         | 3 |  3.0
Spellcasting   | 3 4 |  4.0
Invocations    | 3 5 8 10 11 | 11.0
Fighting       | 4 5 6 |  6.1
Evocations     | 3 |  3.0

Action                   |  1- 3 |  4- 6 |  7- 9 | 10-12 || total
-------------------------+-------+-------+-------+-------++-------
Melee: Spear             |   125 |    48 |       |       ||   173
       Trident           |       |    86 |   475 |   288 ||   849
       Halberd           |       |    53 |       |       ||    53
       Kick              |       |       |    93 |    38 ||   131
 Cast: Infusion          |     4 |    10 |    15 |     7 ||    36
Evoke: Deck              |       |       |     7 |     7 ||    14
       Wand              |       |       |       |     2 ||     2
  Use: Scroll            |       |     3 |     4 |     4 ||    11
 Stab: Sleeping          |     2 |     2 |       |       ||     4
       Distracted        |       |       |     3 |       ||     3
       Petrified         |       |       |     1 |       ||     1
  Eat: Chunk             |     2 |    11 |     4 |     2 ||    19
       Ration            |       |       |     5 |     2 ||     7
Armor: Leather armour    |    22 |    37 |    38 |       ||    97
       Ring mail         |       |       |    79 |       ||    79
       Quicksilver drago |       |       |    31 |   137 ||   168
Dodge: Dodged            |    68 |    80 |   220 |   147 ||   515

Table legend:
 A = Spawn XP
 B = Non-spawn XP
 C = Spawn XP percentage of total XP
 D = Spawn monster count
 E = Non-spawn monster count
 F = Spawn count percentage of total count
 G = Total turns spent on level
                    A         B        C        D         E        F      G
               +---------+---------+-------+---------+---------+-------+---------
         Total |       0 |    8396 |   0.0 |       0 |     205 |   0.0 | 11750
               +---------+---------+-------+---------+---------+-------+---------
           D:1 |       0 |      44 |   0.0 |       0 |      24 |   0.0 |   938
           D:2 |       0 |      64 |   0.0 |       0 |      14 |   0.0 |   798
           D:3 |       0 |      77 |   0.0 |       0 |      15 |   0.0 |   652
           D:4 |       0 |     322 |   0.0 |       0 |      14 |   0.0 |  1579
           D:5 |       0 |     742 |   0.0 |       0 |      32 |   0.0 |  2293
           D:6 |       0 |    1510 |   0.0 |       0 |      22 |   0.0 |  1192
           D:7 |       0 |    1313 |   0.0 |       0 |      22 |   0.0 |  1288
           D:8 |       0 |    1589 |   0.0 |       0 |      23 |   0.0 |  1239
           D:9 |       0 |    1873 |   0.0 |       0 |      23 |   0.0 |  1334
          D:10 |       0 |     862 |   0.0 |       0 |      16 |   0.0 |   370
               +---------+---------+-------+---------+---------+-------+---------
